 Dungeon Crawl Stone Soup version 0.23.2-33-g5129a83184 (webtiles) character file.

Game seed: 11413527838668249587

148 JooJoo the Covered (level 5, 0/46 HPs)
             Began as a Minotaur Fighter on July 19, 2019.
             Succumbed to an adder's poison
             ... on level 3 of the Dungeon on July 23, 2019.
             The game lasted 00:23:58 (2694 turns).

JooJoo the Covered (Minotaur Fighter)               Turns: 2694, Time: 00:23:59

Health: 0/46       AC:  7    Str: 21    XL:     5   Next: 8%
Magic:  4/4        EV:  8    Int:  5    God:
Gold:   52         SH:  9    Dex: 10    Spells: 4/4 levels left

rFire    . . .     SeeInvis .   a - +0 war axe
rCold    . . .     Gourm    .   c - +0 shield
rNeg     . . .     Faith    .   b - +0 scale mail
rPois    .         Spirit   .   (helmet restricted)
rElec    .         Reflect  .   (no cloak)
rCorr    .         Harm     .   (no gloves)
MR       .....                  (no boots)
Stlth    ..........             (no amulet)
HPRegen  0.15/turn              (no ring)
MPRegen  0.09/turn              (no ring)

@: lethally poisoned (0 -> -1)
A: retaliatory headbutt, horns 2
a: no special abilities


You were on level 3 of the Dungeon.
You were hungry.

You visited 1 branch of the dungeon, and saw 3 of its levels.

You collected 52 gold pieces.

Inventory:

Hand Weapons
 a - a +0 war axe (weapon)
 e - a +0 spear
 i - a cursed +0 short sword
 m - a +0 whip
 v - a +0 club
 w - a cursed +0 club
 A - a +0 hunting sling
 H - a +0 club
 J - a +0 mace
Missiles
 l - 108 stones (quivered)
 y - 12 poisoned needles
 G - 23 arrows
Armour
 b - a +0 scale mail (worn)
 c - a +0 shield (worn)
 g - a +2 hat
 k - a +0 leather armour
 q - a +0 ring mail
 t - a +0 ring mail
 x - a +0 ring mail
 D - a +0 helmet
Jewellery
 o - a +2 amulet of reflection {unknown}
 r - a +2 amulet of reflection {unknown}
 s - an uncursed ring of positive energy {unknown}
 I - a +3 ring of dexterity {unknown}
Scrolls
 j - a scroll of enchant armour {unknown}
 n - 2 scrolls of identify {unknown}
 u - 2 scrolls of remove curse {unknown}
 B - a scroll of fog {unknown}
 C - a scroll of immolation {unknown}
 F - a scroll of teleportation {unknown}
 K - a scroll of magic mapping {unknown}
Potions
 d - a potion of might
 h - a potion of heal wounds {unknown}
 p - a potion of lignification {unknown}
 z - 2 potions of curing {unknown}
 E - a potion of invisibility {unknown}
Comestibles
 f - 3 rations


   Skills:
 + Level 4.2 Fighting
 + Level 4.1 Axes
 + Level 5.1 Armour
 + Level 0.8 Dodging
 + Level 4.2 Shields


You had 4 spell levels left.
You didn't know any spells.
Your spell library was empty.

Dungeon Overview and Level Annotations

Branches:
Dungeon (3/15)

Altars:
Cheibriados


Innate Abilities, Weirdness & Mutations

You reflexively headbutt those who attack you in melee.
You have a pair of horns on your head.


Message History

You have reached level 5!
You feel sick. You block the adder's attack.
The hobgoblin hits you with a +0 club.
* * * LOW HITPOINT WARNING * * *
A giant cockroach comes into view.
The adder completely misses you.
The frilled lizard bites you but does no damage.
You slash the frilled lizard!
You kill the frilled lizard!
You barely miss the hobgoblin. You closely miss the adder.
The adder closely misses you. The hobgoblin hits you with a +0 club.
* * * LOW HITPOINT WARNING * * *
The adder bites you but does no damage.
You slash the adder!
You kill the adder!
You hit the hobgoblin. The hobgoblin closely misses you.
The hobgoblin hits you with a +0 club.
* * * LOW HITPOINT WARNING * * *
The hobgoblin hits you but does no damage.
You die...

.... #. #.##.....# .....
#. #.##.....### ......#.
#.##.....+.#
......#.##.##.....#.#####
......#..#.##...........#
......##.#.##.......###.#
..............†.....# #)#
......s?.g...###'#### #.#
..###.).@....# #.# #.#
#...†...>..+ ..# #.#
#............# ### #.#
.............# #.#
#............# #..
###..........# ###
###........# .........#
....#######


You could see a giant cockroach and a hobgoblin.

Vanquished Creatures
  Natasha (twice) (D:2)
  4 adders
  3 worms (D:2)
  A dart slug (D:1)
  2 orcs
  3 bats
  6 giant cockroaches
  5 goblins (D:2)
  7 hobgoblins
  4 jackals (D:2)
  A quokka (D:3)
  2 frilled lizards
  4 kobolds
  7 rats
51 creatures vanquished.

Notes
Turn   | Place    | Note
-------+----------+-------------------------------------------
     0 | D:1      | JooJoo the Minotaur Fighter began the quest for the Orb.
     0 | D:1      | Reached XP level 1. HP: 19/19 MP: 0/0
   207 | D:1      | Reached XP level 2. HP: 19/27 MP: 1/1
  1870 | D:2      | Reached skill level 4 in Armour
  1887 | D:2      | Reached XP level 3. HP: 28/33 MP: 2/2
  2311 | D:2      | Found a snail-covered altar of Cheibriados.
  2503 | D:2      | Noticed Natasha
  2508 | D:2      | Killed Natasha
  2508 | D:2      | Reached skill level 5 in Armour
  2508 | D:2      | Reached XP level 4. HP: 24/40 MP: 3/3
  2542 | D:2      | Noticed Natasha
  2557 | D:2      | Killed Natasha
  2690 | D:3      | Reached XP level 5. HP: 6/46 MP: 4/4
  2691 | D:3      | HP: 2/46 [hobgoblin/+0 club (1)]
  2694 | D:3      | Succumbed to an adder's poison

Skill      XL: |  1  2  3  4 |
---------------+-------------+-----
Fighting       | 4 |  4.2
Shields        | 4 |  4.2
Armour         | 4 5 |  5.1
Axes           | 3 4 |  4.1
Dodging        | |  0.8

Action                   |  1- 3 |  4- 6 || total
-------------------------+-------+-------++-------
Melee: War axe           |    94 |    24 ||   118
       Headbutt          |    14 |     4 ||    18
  Eat: Chunk             |     5 |       ||     5
Armor: Scale mail        |    74 |    16 ||    90
Dodge: Dodged            |    47 |    16 ||    63
Block: Shield            |    79 |    19 ||    98
